 Dungeon Crawl Stone Soup version 0.21-a0-150-gc243083 (webtiles) character file.

13065 qqqbard the Cruncher (level 11, -2/101 HPs)
             Began as a Minotaur Gladiator on July 27, 2017.
             Was a High Priest of Okawaru.
             Slain by a sixfirhy (11 damage)
             ... on level 1 of the Abyss.
             The game lasted 00:17:04 (10866 turns).

qqqbard the Cruncher (Minotaur Gladiator)          Turns: 10866, Time: 00:17:05

Health: -2/101     AC: 20    Str: 22    XL:     11   Next: 70%
Magic:  10/10      EV: 11    Int:  5    God:    Okawaru [*****.]
Gold:   657        SH:  3    Dex: 12    Spells: 10/10 levels left

rFire    . . .     SeeInvis .   a - +0 quarterstaff
rCold    . . .     Gourm    .   (shield currently unavailable)
rNeg     . . .     Faith    .   E - +0 plate armour
rPois    .         Spirit   .   c - +0 hat
rElec    .         Reflect  +   h - +0 cloak {+Inv}
rCorr    .         Harm     .   F - +1 pair of gloves
MR       .....                  B - +0 pair of boots
Stlth    ..........             C - +3 amulet of reflection
HPRegen  0.26/turn              J - ring of stealth
MPRegen  0.12/turn              H - +1 ring of protection

@: no status effects
A: retaliatory headbutt, horns 2
a: Heroism, Finesse, Renounce Religion, Evoke Invisibility


You were on level 1 of the Abyss.
You worshipped Okawaru.
Okawaru was extremely pleased with you.
You were not hungry.

You visited 2 branches of the dungeon, and saw 11 of its levels.
You visited the Abyss 1 time.
You also visited: Ossuary.

You collected 657 gold pieces.

Inventory:

Hand Weapons
 a - a +0 quarterstaff (weapon)
 U - a +0 triple crossbow
Missiles
 d - 3 throwing nets (quivered)
Armour
 c - a +0 hat (worn)
 h - a +0 cloak of invisibility (worn)
 B - a +0 pair of boots (worn)
 E - a +0 plate armour (worn)
 F - a +1 pair of gloves (worn)
 P - the cursed +1 plate armour of the Saviour {rElec Int+4 Dex+3, unknown}
   (You found it on level 1 of the Abyss)

   It affects your intelligence (+4).
   It affects your dexterity (+3).
   It insulates you from electricity.
   It has a curse placed upon it.
Jewellery
 y - an uncursed ring of resist corrosion
 C - a +3 amulet of reflection (around neck)
 H - a +1 ring of protection (right hand)
 I - an uncursed ring of protection from magic {unknown}
 J - a ring of stealth (left hand)
 R - an uncursed amulet of faith {unknown}
Wands
 q - a wand of flame (16/48)
 L - a wand of iceblast (5/15)
 T - a wand of acid (6/15)
Scrolls
 b - 10 scrolls of remove curse
 e - 8 scrolls of enchant armour {unknown}
 l - 15 scrolls of identify
 m - 3 scrolls of immolation {unknown}
 o - 5 scrolls of teleportation
 t - 2 scrolls of blinking {unknown}
 u - 2 scrolls of acquirement {unknown}
 x - a scroll of recharging {unknown}
 A - 4 scrolls of amnesia {unknown}
 D - 2 scrolls of enchant weapon {unknown}
 G - a scroll of fear {unknown}
 M - 2 scrolls of vulnerability {unknown}
Potions
 g - 2 potions of magic {unknown}
 i - a potion of lignification
 j - 5 potions of curing
 n - a potion of degeneration {unknown}
 p - 2 potions of flight {unknown}
 r - 5 potions of brilliance {unknown}
 s - 2 potions of haste {unknown}
 v - a potion of agility {unknown}
 K - a potion of mutation {unknown}
 N - 2 potions of ambrosia {unknown}
 O - 2 potions of might {unknown}
 Q - a potion of berserk rage {unknown}
 V - a potion of resistance
Books
 W - a book of Conjurations

   Spells                             Type                      Level
   a - Magic Dart                     Conjuration                  1
   b - Searing Ray                    Conjuration                  2
   c - Dazzling Spray                 Conjuration/Hexes            3
   d - Fulminant Prism                Conjuration/Hexes            4
   e - Force Lance                    Conjuration/Translocation    4
   f - Iskenderun's Mystic Blast      Conjuration                  4
 X - a book of Misfortune

   Spells                             Type                      Level
   a - Confusing Touch                Hexes                        1
   b - Confuse                        Hexes                        3
   c - Gell's Gravitas                Translocation                3
   d - Petrify                        Transmutation/Earth          4
   e - Metabolic Englaciation         Hexes/Ice                    5
   f - Yara's Violent Unravelling     Hexes/Transmutation          5
Miscellaneous
 S - a lightning rod (4/4)
Comestibles
 f - 14 bread rations
 k - 16 fruits
 w - 2 meat rations
 z - 9 royal jellies


   Skills:
 + Level 10.3 Fighting
 * Level 14.1 Staves
 * Level 3.8 Crossbows
 - Level 2.0 Throwing
 + Level 9.4 Armour
 + Level 9.7 Dodging


You had 10 spell levels left.
You didn't know any spells.

Dungeon Overview and Level Annotations

Branches:
Dungeon (10/15)            Temple (1/1) D:5
   Lair: D:8-11         Orc: D:9-12

Altars:
Ashenzari
Cheibriados
Dithmenos
Elyvilon
Fedhas
Gozag
Hepliaklqana
Kikubaaqudgha
Makhleb
Nemelex Xobeh
Okawaru
Qazlal
Ru
Sif Muna
Trog
Uskayaw
Vehumet
Wu Jian
Xom
Yredelemnul
Zin
The Shining One

Shops:
D:8 :


Innate Abilities, Weirdness & Mutations

You reflexively headbutt those who attack you in melee.
You have a pair of horns on your head.


Message History

* * * LOW HITPOINT WARNING * * *
The sixfirhy shocks you!
* * * LOW HITPOINT WARNING * * *
The sixfirhy hits you but does no damage.
You hit the sixfirhy.
The sixfirhy is lightly wounded.
The smoke demon gestures at you. The ball of steam misses you.
The ball of steam misses the sixfirhy.
Unknown command.
The sixfirhy is engulfed in a cloud of scalding steam. x7
The sixfirhy hits you but does no damage.
The sixfirhy hits you but does no damage. x3
You see here a steaming plate armour.
P - a steaming plate armour The sixfirhy barely misses you.
The sixfirhy hits you but does no damage.
The sixfirhy hits you!
* * * LOW HITPOINT WARNING * * *
The sixfirhy shocks you!
You die...

##..##3#...#
....#####
#.##3# .. ##'##
#.. ##§§.## .
##.§...##
####.......##
.......3....#
.......@....+
##..........#
....#.##.#.....
#.###. #####..#
#. .. #.# #. #.
#.


You could see a sixfirhy and a smoke demon.

Vanquished Creatures
  A hydra (D:7)
  5 two-headed ogres
  An ugly thing (D:7)
  A centaur skeleton (D:10)
  3 trolls
  Grinder (D:4)
  A hornet (D:7)
  A hippogriff (D:7)
  Sigmund (D:4)
  A wyvern (D:9)
  2 shadows
  Eustachio (D:4)
  A human (D:7)
  4 hogs (D:7)
  2 wraiths
  2 hungry ghosts (D:7)
  A vampire mosquito (D:6)
  Edmund (D:6)
  A water moccasin (D:8)
  An eye of draining (D:8)
  3 orc warriors
  A sky beast (D:8)
  A black bear (D:6)
  3 ice beasts
  2 ogres
  A phantom (D:6)
  3 centaurs
  A crocodile (D:7)
  2 bullfrogs (D:7)
  2 big kobolds (D:9)
  A wyvern zombie (D:7)
  4 elf skeletons (D:4)
  4 scorpions
  12 killer bees
  2 wights (D:7)
  3 howler monkeys (D:7)
  3 centaur zombies
  2 bullfrog zombies
  3 crimson imps
  3 human zombies (D:4)
  A quasit (D:6)
  4 jellies
  5 hounds
  8 orc wizards
  2 bullfrog skeletons
  3 iguanas
  11 orc priests
  2 human skeletons (D:4)
  Natasha (twice) (D:4)
  13 worker ants
  A killer bee zombie (D:7)
  4 hound skeletons
  3 mummies (Ossuary)
  A howler monkey skeleton (D:7)
  11 adders
  2 shadow imps
  An ooze (D:4)
  3 adder zombies (Ossuary)
  2 adder skeletons
  3 worms
  3 dart slugs (D:1)
  4 leopard geckos
  40 orcs
  7 giant cockroaches
  5 goblins
  3 hobgoblins
  7 jackals
  12 kobolds
  5 quokkas
  A ball python (D:4)
  5 bats
  2 frilled lizards
  6 hobgoblin zombies (Ossuary)
  A jackal skeleton (D:7)
  3 kobold zombies (Ossuary)
  2 leopard gecko skeletons
  An orc skeleton (D:4)
  An orc zombie (D:4)
  3 quokka zombies (Ossuary)
  7 rats
  3 rat zombies (Ossuary)
291 creatures vanquished.

Notes
Turn   | Place    | Note
-------+----------+-------------------------------------------
     0 | D:1      | qqqbard the Minotaur Gladiator began the quest for the Orb.
     0 | D:1      | Reached XP level 1. HP: 18/18 MP: 0/0
   114 | D:1      | You fall through a shaft!
   121 | D:2      | Reached XP level 2. HP: 25/25 MP: 1/1
   124 | D:2      | Reached skill level 1 in Armour
   172 | D:2      | Reached skill level 4 in Staves
   366 | D:1      | Reached XP level 3. HP: 30/30 MP: 2/2
  1293 | D:2      | You fall through a shaft for 2 floors!
  1314 | D:4      | Reached skill level 5 in Staves
  1314 | D:4      | Reached XP level 4. HP: 19/39 MP: 3/3
  1330 | D:4      | Reached XP level 5. HP: 13/46 MP: 4/4
  1721 | D:4      | Reached XP level 6. HP: 20/52 MP: 5/5
  1872 | D:4      | Found a sand-covered staircase.
  1883 | D:4      | Reached skill level 6 in Staves
  1993 | Ossuary  | Entered an ossuary
  2004 | Ossuary  | HP: 1/53 [mummy (17)]
  2508 | D:4      | Reached XP level 7. HP: 54/60 MP: 6/6
  2532 | D:4      | Noticed Eustachio
  2532 | D:4      | Reached skill level 5 in Dodging
  2574 | D:4      | HP: 3/60 [Eustachio/rapier of distortion (5)]
  2577 | D:4      | Killed Eustachio
  2577 | D:4      | Reached skill level 5 in Fighting
  2577 | D:4      | Reached skill level 7 in Staves
  2927 | D:4      | Noticed Sigmund
  2942 | D:4      | Killed Sigmund
  3207 | D:4      | Noticed Natasha
  3208 | D:4      | Noticed Grinder
  3213 | D:4      | Killed Grinder
  3213 | D:4      | Reached skill level 8 in Staves
  3213 | D:4      | Reached XP level 8. HP: 42/69 MP: 7/7
  3220 | D:4      | Killed Natasha
  3516 | D:4      | Found an opulent altar of Gozag.
  3646 | D:4      | Noticed Natasha
  3654 | D:4      | Killed Natasha
  3654 | D:4      | Reached skill level 5 in Armour
  4044 | D:3      | Found a sacrificial altar of Ru.
  4045 | D:3      | Found a shattered altar of Ashenzari.
  4308 | D:3      | Found a glowing silver altar of Zin.
  4308 | D:3      | Found a shadowy altar of Dithmenos.
  4884 | D:5      | Entered Level 5 of the Dungeon
  4945 | D:5      | Reached skill level 9 in Staves
  4974 | D:5      | Found a staircase to the Ecumenical Temple.
  5019 | Temple   | Entered the Ecumenical Temple
  5180 | Temple   | Became a worshipper of Warmaster Okawaru
  5739 | D:5      | Noticed a two-headed ogre
  5746 | D:5      | Killed a two-headed ogre
  5746 | D:5      | Reached * piety under Okawaru
  5746 | D:5      | Reached ** piety under Okawaru
  5746 | D:5      | Reached skill level 10 in Staves
  5746 | D:5      | Reached XP level 9. HP: 72/79 MP: 8/8
  6247 | D:6      | Noticed Edmund
  6254 | D:6      | Killed Edmund
  6254 | D:6      | Reached *** piety under Okawaru
  6645 | D:7      | Reached skill level 11 in Staves
  6883 | D:7      | Noticed a purple ugly thing
  6902 | D:7      | Killed a purple ugly thing
  6902 | D:7      | Reached **** piety under Okawaru
  6902 | D:7      | Reached XP level 10. HP: 31/90 MP: 9/9
  7585 | D:7      | Reached skill level 12 in Staves
  7592 | D:7      | Noticed a six-headed hydra
  7594 | D:7      | Received a gift from Okawaru
  7604 | D:7      | Killed a six-headed hydra
  7604 | D:7      | Reached ***** piety under Okawaru
  8065 | D:7      | Received a gift from Okawaru
  8254 | D:7      | Found a sparkling altar of Nemelex Xobeh.
  8309 | D:7      | Reached skill level 13 in Staves
  8607 | D:8      | Noticed a two-headed ogre
  8627 | D:8      | Killed a two-headed ogre
  8627 | D:8      | Reached XP level 11. HP: 62/99 MP: 10/10
  8743 | D:8      | Noticed a two-headed ogre
  8762 | D:8      | Killed a two-headed ogre
  9126 | D:8      | Found an ancient bone altar of Kikubaaqudgha.
  9251 | D:8      | Found Noiryaxu's Book Boutique.
  9273 | D:8      | Reached skill level 10 in Fighting
  9513 | D:9      | Noticed a two-headed ogre
  9528 | D:9      | Killed a two-headed ogre
  9528 | D:9      | Reached skill level 1 in Crossbows
 10213 | D:9      | Noticed a two-headed ogre
 10219 | D:9      | Received a gift from Okawaru
 10226 | D:9      | Killed a two-headed ogre
 10445 | D:9      | Reached skill level 14 in Staves
 10593 | D:10     | Entered Level 10 of the Dungeon
 10741 | D:10     | Cast into level 1 of the Abyss (orc warrior)
 10753 | Abyss:1  | Noticed a thrashing horror
 10767 | Abyss:1  | Noticed an orb spider
 10858 | Abyss:1  | Noticed a sixfirhy
 10866 | Abyss:1  | Got a steaming plate armour
 10866 | Abyss:1  | Slain by a sixfirhy

Vault maps used:
D:1:      dpeg_arrival_simpleton_b
D:2:      kennysheep_generic_room_15
D:3:      gammafunk_temple_overflow_pools, gammafunk_temple_overflow_elements
D:4:      kennysheep_six_static_rooms, nicolae_ossuary_entry_catacombs,
          first_bread, nicolae_gozag_seed_capital, uniq_sigmund, uniq_eustachio,
          uniq_natasha, uniq_grinder
D:5:      minmay_temple_entry_statues_pillars, dk_noncrumbling_3
D:6:      kennysheep_cross_bottleneck, hangedman_abyss_or_decor_passed,
          uniq_edmund
D:7:      minmay_the_grid_octo_2x2, nemelex_xobeh_ov_fountains_minmay,
          grunt_livestock, eino_tiny_chamber
D:8:      kiku_gazebo_pond_becter, serial_shops, kennysheep_mini
D:9:      minmay_misc_feat_four_crosses, wad_rectangle_vault
D:10:     kennysheep_orc_monster_closet_entryway, basic_altar, uniq_nergalle
Temple:   eino_temple_scatter_basement
Abyss:1:  abyss_exit_lava
Ossuary:  ossuary_minmay_chase

Skill      XL: |  1  2  3  4  5  6  7  8  9 10 11 |
---------------+----------------------------------+-----
Armour         | 1 2 3 4 6 7 8 9 |  9.4
Staves         | 4 5 6 8 10 11 13 14 | 14.1
Fighting       | 3 4 5 7 8 9 10 | 10.3
Dodging        | 4 5 7 9 |  9.7
Crossbows      | 3 |  3.8
Throwing       | |  2.0

Action                   |  1- 3 |  4- 6 |  7- 9 | 10-12 || total
-------------------------+-------+-------+-------+-------++-------
Melee: Quarterstaff      |    63 |   106 |   362 |   450 ||   981
       Headbutt          |    16 |    35 |    73 |    81 ||   205
       Unarmed           |       |       |       |     9 ||     9
  Use: Scroll            |       |       |     1 |     2 ||     3
       Potion            |       |       |       |     5 ||     5
 Stab: Sleeping          |     1 |       |       |       ||     1
  Eat: Chunk             |     1 |     1 |    13 |    13 ||    28
       Bread ration      |       |     1 |       |       ||     1
       Meat ration       |       |       |       |     1 ||     1
Armor: Leather armour    |    11 |    19 |    22 |       ||    52
       Plate armour      |       |       |   102 |   227 ||   329
Dodge: Dodged            |    36 |    40 |   162 |   220 ||   458
Block: Other             |       |       |    26 |    44 ||    70
